 Dungeon Crawl Stone Soup version 0.32-a0-699-g1ee5eff69a (webtiles) character file.

Game seed: 17887029680776904352

101 GloriousHammer the Poker (level 4, -1/33 HPs)
             Began as a Coglin Gladiator on Mar 13, 2024.
             Slain by Sigmund
             ... wielding a +0 scythe
              (9 damage)
             ... on level 3 of the Dungeon.
             The game lasted 00:04:39 (2100 turns).

GloriousHammer the Poker (Coglin Gladiator)         Turns: 2100, Time: 00:04:40

Health: -1/33      AC:  6    Str: 17    XL:     4   Next: 75%
Magic:  4/4        EV: 10    Int:  7    God:
Gold:   125        SH:  0    Dex: 15    Spells: 3/3 levels left

rFire   . . .        a - +0 trident {Cuishral}
rCold   . . .        f - +0 dagger {Luis}
rNeg    . . .        m - +0 ring mail
rPois   .            c - +0 helmet
rElec   .            (no cloak)
rCorr   .            (no gloves)
SInv    .            (no boots)
Will    .....        (amulet unavailable)
Stlth   +            (ring unavailable)
HPRegen 0.25/turn    (ring unavailable)
MPRegen 0.09/turn    (no gizmo)

%: no passive effects
@: brilliant, revved
A: off-hand wielding, slow wielding, warmup strikes, no jewellery
a: Invent Gizmo


You were on level 3 of the Dungeon.
You visited 1 branch of the dungeon, and saw 3 of its levels.

You collected 125 gold pieces.

Inventory:

Hand Weapons
 a - a +0 trident (weapon) {Cuishral}
 f - a +0 dagger (offhand) {Luis}
Missiles
 d - 2 throwing nets (quivered)
Armour
 b - a +0 leather armour
 c - a +0 helmet (worn)
 m - a +0 ring mail (worn)
Scrolls
 g - a scroll of fear {unknown}
 i - a scroll of silence {unknown}
 j - a scroll of enchant armour {unknown}
 k - a scroll of acquirement {unknown}
 l - a scroll of vulnerability {unknown}
 p - a scroll of identify {unknown}
Potions
 o - a potion of brilliance


   Skills:
 - Level 2.0 Fighting
 * Level 4.2 Polearms
 + Level 2.9 Throwing
 - Level 2.6 Dodging


You had 3 spell levels left.
You didn't know any spells.
Your spell library contained the following spells:

 Spells                   Type           Power      Damage    Failure   Level
 Frozen Ramparts          Ice            0%         1d1       95%         3
 Ozocubu's Armour         Ice            0%         N/A       95%         3
 Metabolic Englaciation   Hex/Ice        0%         N/A       100%        5


Dungeon Overview and Level Annotations

Branches:
Dungeon (3/15)

Altars:

Annotations:
D:3 Sigmund


Innate Abilities, Weirdness & Mutations

You can wield a second weapon in your off-hand.
It takes a long time for you to wield or remove held weapons.
Your first few attacks do less damage.
You cannot equip rings or amulets.


Message History

Sigmund shouts!
Press: ? - help, . - travel You can't see that place.
You don't know any spells.
Sigmund points at you and mumbles some strange words.
The magic dart hits you! Sigmund gestures at you while chanting.
You resist with some effort.
Throw: javelin
Press: ? - help, Q - select action, (/) - cycle Shift-Dir - straight line, f - Sigmund
Aim: Sigmund, wielding a +0 scythe and wearing a +0 robe (53% to hit)
You throw a javelin. The javelin pierces through Sigmund.
Sigmund is lightly wounded.
Sigmund looks at you with fury.
Sigmund gestures wildly while chanting.
Sigmund flickers and vanishes!
Deactivating autopickup; reactivate with Ctrl-A.
You hit something but do no damage. You hit something with your +0 trident.
You hear some strange, mumbled words.
You are confused.
Non-targeted confused throw: 3 throwing nets
Press: ? - help, Q - select action Dir - look around, f - activate You throw a throwing net.
Something hits you.
You bump into the rock wall.
You hear some strange, mumbled words.
You are more confused.
You're too confused to move!
Something hits you!
You closely miss something with your +0 trident.
You completely miss something with your +0 dagger.
You bump into the rock wall.
Something barely misses you.
You closely miss something with your +0 trident.
You closely miss something with your +0 dagger.
Something hits you but does no damage.
You hit something but do no damage.
You closely miss something with your +0 trident.
You miss something with your +0 trident.
You barely miss something with your +0 dagger.
You hear some strange, mumbled words.
A magic dart appears from out of thin air!
The magic dart hits you.
You closely miss something with your +0 dagger.
You closely miss something with your +0 trident.
Something hits you!
You bump into the rock wall.
Something hits you but does no damage.
You're too confused to move!
Something hits you.
* * * LOW HITPOINT WARNING * * *
It was a potion of brilliance.
You feel clever all of a sudden.
It was a potion of magic.
Magic courses through your body.
You feel less confused. Something hits you.
* * * LOW HITPOINT WARNING * * *
It was a potion of ambrosia.
You are confused.
You feel invigorated. Something hits you but does no damage.
Something hits you but does no damage.
You feel less invigorated.
You feel less confused. Something hits you but does no damage.
You miss something with your +0 trident.
You closely miss something with your +0 dagger.
Unknown command.
You barely miss something with your +0 dagger.
You barely miss something with your +0 trident.
You hear some strange, mumbled words.
Something tries to affect you, but you resist.
Unknown command.
You barely miss something with your +0 trident.
You hit something with your +0 dagger. Something barely misses you.
You barely miss something with your +0 trident.
You closely miss something with your +0 dagger.
Something hits you but does no damage.
You puncture something with your +0 trident!
You hit something but do no damage. You miss something with your +0 dagger.
You barely miss something with your +0 trident.
Something hits you but does no damage.
You hit something with your +0 dagger.
You barely miss something with your +0 trident.
Something hits you.
You miss something with your +0 dagger.
You miss something with your +0 trident.
Something hits you.
You hit something with your +0 trident. You miss something with your +0 dagger.
Unknown command.
You barely miss something with your +0 trident.
You hit something with your +0 dagger.
You hear some strange, mumbled words.
A puff of flame appears from out of thin air!
The puff of flame hits you.
* * * LOW HITPOINT WARNING * * *
You closely miss something with your +0 trident.
You hit something with your +0 dagger. Something hits you!
You die...

... ###.#.###.# ..
###.†## #.# #.##
#.....# #.## #..#
#.)...# #... # #.# #
#.....# ####
#.##.##.# #.....# ##
#.......# #.....# #.
####.#### ####### #.
#.@######### #.
###{#...@...# #.
#...(..####.#######.
#.#.#..####.........
#.#......##..#####..
#.###..#.##@.##.....
#.###..#........##.#
#........(...#####.#
############.# #.#


There were no monsters in sight!

Vanquished Creatures
  6 adders
  A dart slug (D:1)
  6 ball pythons
  7 bats
  4 endoplasms
  3 giant cockroaches
  4 hobgoblins
  A quokka (D:2)
  A frilled lizard (D:3)
  2 goblins
  6 kobolds
  4 rats
45 creatures vanquished.

Notes
Turn   | Place    | Note
-------+----------+-------------------------------------------
     0 | D:1      | GloriousHammer the Coglin Gladiator began the quest for the
                  | Orb.
     0 | D:1      | Reached XP level 1. HP: 16/16 MP: 1/1
    49 | D:1      | Reached skill level 3 in Polearms
    81 | D:1      | Reached XP level 2. HP: 22/22 MP: 2/2
   467 | D:1      | Reached XP level 3. HP: 27/27 MP: 3/3
  1001 | D:1      | Upgraded the game from 0.32-a0-685-g93135e86f0 to
                  | 0.32-a0-699-g1ee5eff69a
  1464 | D:2      | Reached XP level 4. HP: 32/33 MP: 4/4
  1550 | D:2      | Reached skill level 4 in Polearms
  2031 | D:3      | Noticed Sigmund
  2100 | D:3      | Slain by Sigmund

Illustrated notes

Levels and vault maps discovered:
D:1:      grunt_arrival_lava_bath, layout_basic
D:2:      layout_loops_corners, kennysheep_path_1, guppyfry_early_lair_pool
D:3:      layout_loops_cross, uniq_sigmund

Skill      XL: |  1  2  3  4 |
---------------+-------------+-----
Polearms       | 3 4 |  4.2
Throwing       | 2 |  2.9
Fighting       | |  2.0
Dodging        | |  2.6

Action                     |  1- 3 |  4- 6 || total
---------------------------+-------+-------++-------
  Melee: Trident           |    80 |    63 ||   143
         Dagger            |    60 |    56 ||   116
  Throw: Javelin           |       |     1 ||     1
         Throwing net      |       |     1 ||     1
    Use: Potion            |       |     3 ||     3
   Stab: Sleeping          |     1 |       ||     1
 Armour: Leather armour    |    29 |       ||    29
         Ring mail         |     9 |    48 ||    57
  Dodge: Dodged            |    43 |    26 ||    69

Table legend: (Time is in decaauts)
 A = Elapsed time spent in this place.
 B = Non-inter-level travel time spent in this place.
 C = Inter-level travel time spent in this place.
 D = Time resting spent in this place.
 E = Time spent auto-exploring this place.
 F = Levels seen in this place.
 G = Mean time per level.
                   A        B        C        D        E       F      G
               +--------+--------+--------+--------+--------+-----+--------+
         Total |   2108 |   2065 |     43 |    111 |   1480 |   3 |  702.7 |
       Dungeon |   2108 |   2065 |     43 |    111 |   1480 |   3 |  702.7 |
               +--------+--------+--------+--------+--------+-----+--------+

Top non-repeatable levels by time:
     D:1: 1027 daAuts
     D:2: 909 daAuts
     D:3: 170 daAuts
